Map: Discordance EC

Players

Sorandom - Winner!

  • Race: Zerg Zerg
  • League: Diamond
  • Spawn Location: 1:00

Solidmore

  • Race: Zerg Zerg
  • League: Diamond
  • Spawn Location: 7:00

VOD

Have the link to the VOD?

Description

Time

  • Played on: April 3, 2019, 7:41 p.m.
  • Length: 5:48
Show
View Real Time Build Order
Export as new Build Order

Sorandom Zerg - Winner!

Build Orders: Pool First 

Get SALT Encoding   

  12  0:02  Drone  
  13  0:12  Overlord  
  13  0:19  Drone  
  14  0:31  Drone x2  
  16  0:43  Spawning Pool  
  16  0:45  Extractor  
  16  0:48  Drone  
  15  0:51  Drone  
  16  1:04  Drone  
  17  1:22  Hatchery  
  16  1:30  Zergling x4  
  16  1:31  Zergling x2  
  19  1:41  Overlord  
  19  1:49  Metabolic Boost  
  19  1:54  Zergling x2  
  20  2:00  Queen  
  22  2:03  Zergling x2  
  23  2:17  Zergling x2  
  24  2:25  Zergling x2  
  25  2:36  Queen  
  25  2:37  Queen  
  27  2:41  Zergling x4  
  31  2:45  Zergling x4  
  33  2:57  Zergling x4  
  35  3:08  Zergling x2  
  35  3:09  Overlord  
  36  3:20  Overlord  
  35  3:29  Zergling x8  
  35  3:32  Zergling x2  
  36  3:45  Zergling x2  
  35  3:50  Zergling x14  
  40  3:57  Zergling x2  
  40  4:01  Zergling x2  
  42  4:06  Zergling x2  
  39  4:16  Zergling x4  
  38  4:27  Zergling x2  
  38  4:28  Zergling x2  
  38  4:32  Zergling x2  
  37  4:40  Zergling x8  
  37  4:43  Zergling x6  
  40  4:46  Zergling x2  
  40  4:52  Zergling x2  
  40  4:58  Zergling x2  
  38  5:03  Zergling x2  
  37  5:08  Zergling x2  
  36  5:14  Zergling x6  
  36  5:18  Zergling x2  
  40  5:22  Zergling x2  
  40  5:26  Zergling x6  
  44  5:30  Zergling x2  
Show
View Real Time Build Order
Export as new Build Order

Solidmore Zerg 

Build Orders: Hatch First 

Get SALT Encoding   

  12  0:00  Drone  
  13  0:12  Overlord  
  13  0:17  Drone  
  14  0:31  Drone x2  
  14  0:34  Drone  
  17  0:52  Hatchery  
  17  0:55  Drone  
  17  1:10  Spawning Pool  
  16  1:14  Drone  
  16  1:16  Drone  
  18  1:20  Drone  
  19  1:28  Drone  
  20  1:36  Extractor  
  19  2:02  Overlord  
  19  2:03  Drone x2  
  19  2:04  Queen x2  
  19  2:08  Drone  
  26  2:20  Drone  
  26  2:21  Spine Crawler  
  26  2:24  Spine Crawler  
  26  2:28  Drone x3  
  28  2:40  Zergling x4  
  31  2:51  Drone x2  
  32  3:07  Roach Warren  
  32  3:09  Evolution Chamber  
  30  3:14  Evolution Chamber  
  29  3:20  Queen  
  29  3:22  Lair  
  29  3:43  Evolution Chamber  
  29  3:45  Zergling x4  
  29  3:46  Zergling x12  
  36  3:51  Roach  
  35  4:02  Evolution Chamber  
  31  4:06  Roach x3  
  29  4:33  Zergling x12  
  29  4:51  Zergling x8  
  27  5:12  Zergling x8  
  26  5:28  Roach Warren  
  23  5:42  Spine Crawler  
Tags
 
Matchup
ZvZ
Race
Zerg
Replay Pack
Pack 2
Spawn Locations
Cross Positions
Add a new tag
Caveats
  • Supply blocks, unpowered buildings, or Contaminate may cause inaccurate times.
  • Supply counts are checked every 10 seconds.